 Dungeon Crawl Stone Soup version 0.29-a0-397-g846e4a0bbc (webtiles) character file.

Game seed: 12427598861024608385

58 zeratav the Digger (level 4, -5/27 HPs)
             Began as an Octopode Earth Elementalist on May 12, 2022.
             Slain by a gnoll
             ... wielding a +0 club
              (6 damage)
             ... on level 2 of the Dungeon.
             The game lasted 00:03:02 (1252 turns).

zeratav the Digger (Octopode Earth Elementalist)    Turns: 1252, Time: 00:03:02

Health: -5/27      AC:  1    Str:  7    XL:     4   Next: 1%
Magic:  5/8        EV: 13    Int: 19    God:
Gold:   69         SH:  0    Dex: 12    Spells: 7/8 levels left

rFire   . . .      SeeInvis .   e - +2 dagger (elec) {short}
rCold   . . .      Faith    .   (no shield)
rNeg    . . .      Spirit   .   (helmet restricted)
rPois   .          Reflect  .   (no amulet)
rElec   .          Harm     .   (no ring)
rCorr   .          Rampage  .   (no ring)
Will    .....                   (no ring)
Stlth   +++.......              (no ring)
HPRegen 0.09/turn               (no ring)
MPRegen 0.11/turn               (no ring)
                                (no ring)
                                (no ring)

@: no status effects
A: almost no armour, amphibious, 8 rings, camouflage 1, gelatinous body 1,
(nimble swimmer 1), tentacles
a: no special abilities


You were on level 2 of the Dungeon.
You visited 1 branch of the dungeon, and saw 2 of its levels.

You collected 69 gold pieces.


Innate Abilities, Weirdness & Mutations

You cannot wear most types of armour.
You are amphibious.
You can wear up to eight rings at the same time.
Your skin changes colour to match your surroundings (Stealth+).
Your rubbery body absorbs attacks. (AC +1, EV +1)
((You are camouflaged when in or above water. (Stealth+)))
You have tentacles for arms and can constrict up to eight enemies at once.


   Skills:
 - Level 2.0 Dodging
 - Level 2.6 Stealth
 + Level 2.7 Spellcasting
 - Level 1.0 Transmutations
 * Level 4.2 Earth Magic


You had 7 spell levels left.
You knew the following spells:

 Your Spells              Type           Power      Damage    Failure   Level
a - Sandblast             Erth           36%        2d10      2%          1

Your spell library contained the following spells:

 Spells                   Type           Power      Damage    Failure   Level
 Passwall                 Tmut/Erth      10%        N/A       9%          2
 Stone Arrow              Conj/Erth      20%        3d8       21%         3
 Petrify                  Tmut/Erth      12%        N/A       47%         4

Inventory:

Hand Weapons
 e - a +2 dagger of electrocution (weapon) {short}
   (You found it on level 1 of the Dungeon)
Missiles
 a - 126 stones {throwing}
Scrolls
 g - a scroll of poison {!r}
 j - a scroll of vulnerability {unknown}
Potions
 b - a potion of magic
 c - 4 potions of heal wounds {unknown}
 d - a potion of ambrosia {unknown}
 h - a potion of cancellation {unknown}
 i - a potion of might {unknown}
 k - a potion of attraction {unknown}

Dungeon Overview and Level Annotations

Branches:
Dungeon (2/15)

Altars:

.... #... ########...
#... #.......... #...
#.......... #...
##.......... #...
#........... #.g.
#.......<... #..g###
#.###...#... #..g@.#
#.# #...#...
#...).####.# #...#...
#........#.###...#...
+.........>..+...+...
#..........###...#.#.
####??.....# #...#.#.
#.......# #.......
#.......# #.....).
#.......# #.......


You could see 3 gnolls.


Message History

You feel sick. The bat misses you.
Your Earth Magic skill increases to level 4!
HP[-1] MP[-1]
You take 1 damage, and now have 10/21 hp.
You lost 1 mp, and now have 5/6 mp.
Casting: Sandblast (safe; 3% risk of failure)
Confirm with . or Enter, or press ? or * to list all spells.
Aiming: Sandblast (safe; 3% risk of failure)
Press: ? - help, Shift-Dir - straight line, f - bat
Aim: a bat (69% to hit)
The blast of sand misses the bat.
You feel sick.
You are no longer poisoned.
The bat closely misses you.
HP[-1] MP[-1]
You take 1 damage, and now have 9/21 hp.
You lost 1 mp, and now have 4/6 mp.
Sorry, you're not good enough to have a special ability.
Casting: Sandblast (safe; 3% risk of failure)
Confirm with . or Enter, or press ? or * to list all spells.
Aiming: Sandblast (safe; 3% risk of failure)
Press: ? - help, Shift-Dir - straight line, f/p - bat
Aim: a bat (69% to hit)
The blast of sand hits the bat!
You kill the bat!
HP[+1] MP[-1]
You lost 1 mp, and now have 3/6 mp.
You start resting.
HP[+1] MP[+3]
Your mp is fully restored (6).
You start resting.
HP[+10]
Your hp is fully restored (21).
k - a fuming blue potion
Found a stone staircase leading down.
A goblin comes into view. It is wielding a +0 dagger.
There is a stone staircase leading down here.
A worm comes into view.
A gnoll comes into view.
It is wielding a +0 halberd. 2 gnolls come into view.
The helpless worm fails to defend itself.
You puncture the worm! You grab the worm.
You squeeze the worm, but do no damage. You constrict the worm.
The gnoll shouts!
The goblin shouts!
The worm closely misses you.
A gnoll comes into view. It is wielding a +0 club.
The gnoll shouts!
You hit the worm. You constrict the worm. The gnoll barely misses you.
The goblin misses you.
You hit the worm. You constrict the worm. The worm bites you.
The goblin barely misses you. The gnoll barely misses you.
HP[-1]
You take 1 damage, and now have 20/21 hp.
You hit the worm.
You kill the worm!
The goblin hits you with a +0 dagger. The gnoll misses you.
HP[-4]
You take 4 damage, and now have 16/21 hp.
You hit the goblin. You grab the goblin. You constrict the goblin.
The goblin hits you with a +0 dagger. The gnoll barely misses you.
HP[-3]
You take 3 damage, and now have 13/21 hp.
You are too injured to fight recklessly!
You are too injured to fight recklessly!
You are too injured to fight recklessly!
You are too injured to fight recklessly!
You are too injured to fight recklessly!
You are too injured to fight recklessly!
You are too injured to fight recklessly!
You are too injured to fight recklessly!
You are too injured to fight recklessly!
You are too injured to fight recklessly!
You are too injured to fight recklessly!
You are too injured to fight recklessly!
You are too injured to fight recklessly!
You are too injured to fight recklessly!
You are too injured to fight recklessly!
You barely miss the goblin. You constrict the goblin.
You kill the goblin!
The gnoll closely misses you. The gnoll barely misses you.
HP[+1]
Casting: Sandblast (safe; 3% risk of failure)
Confirm with . or Enter, or press ? or * to list all spells.
Aiming: Sandblast (safe; 3% risk of failure)
Press: ? - help, Shift-Dir - straight line, f - gnoll
Aim: a gnoll, wielding a +0 flail (82% to hit)
The blast of sand hits the gnoll!
You kill the gnoll!
The gnoll hits you from afar with a +0 halberd!
Ouch! That really hurt!
* * * LOW HITPOINT WARNING * * *
You have reached level 4!
HP[-13] MP[-1]
You now have 27 max hp (+6).
You take 13 damage, and now have 1/27 hp.
MASSIVE DAMAGE!! (PAUSE)
As you read the scroll labelled IRUTENNO QUES, it crumbles to dust.
It is a scroll of identify.
g - a scroll of poison The gnoll misses you.
The gnoll hits you with a +0 club.
You die...

Skill      XL: |  1  2  3 |
---------------+----------+-----
Earth Magic    | 4 |  4.2
Dodging        | |  2.0
Stealth        | |  2.6
Spellcasting   | |  2.7
Transmutations | |  1.0

Action                   |  1- 3 |  4- 6 || total
-------------------------+-------+-------++-------
Melee: Rapier            |     7 |       ||     7
       Constrict         |    12 |       ||    12
       Dagger            |    37 |       ||    37
       Tentacles         |     6 |       ||     6
       Punch             |     1 |       ||     1
 Cast: Sandblast         |    14 |       ||    14
  Use: Scroll            |       |     1 ||     1
 Stab: Sleeping          |     4 |       ||     4
Armor: Skin              |     4 |       ||     4
Dodge: Dodged            |    39 |     1 ||    40

Levels and vault maps discovered:
D:1:      lemuel_arrival_hallway, layout_basic, basic_ecumenical_altar
D:2:      layout_basic

Notes
Turn   | Place    | Note
-------+----------+-------------------------------------------
     0 | D:1      | zeratav the Octopode Earth Elementalist began the quest for
                  | the Orb.
     0 | D:1      | Reached XP level 1. HP: 11/11 MP: 3/3
     0 | D:1      | magus.rc [v1.9.6]
   171 | D:1      | Reached XP level 2. HP: 15/17 MP: 0/5
   565 | D:1      | Found a faded altar of an unknown god.
   947 | D:2      | Reached XP level 3. HP: 17/21 MP: 6/6
  1063 | D:2      | Reached skill level 4 in Earth Magic
  1251 | D:2      | HP: 1/21 [gnoll/+0 halberd (13)]
  1252 | D:2      | Reached XP level 4. HP: 1/27 MP: 5/8
  1252 | D:2      | Slain by a gnoll

Vanquished Creatures
  An adder (D:2)
  A gnoll (D:2)
  2 worms (D:2)
  2 dart slugs (D:1)
  4 bats
  2 endoplasms
  A goblin (D:2)
  2 hobgoblins
  2 jackals (D:1)
  5 kobolds
  A quokka (D:2)
  3 ball pythons
  4 frilled lizards
  A rat (D:1)
31 creatures vanquished.

Table legend:
 A = Non-vault XP
 B = Vault XP
 C = Vault XP percentage of total XP
 D = Non-vault monster count
 E = Vault monster count
 F = Vault count percentage of total count
                 A         B        C        D         E       F
            +---------+---------+-------+---------+---------+-------
      Total |      83 |       0 |   0.0 |      31 |       0 |   0.0
            +---------+---------+-------+---------+---------+-------
        D:1 |      30 |       0 |   0.0 |      17 |       0 |   0.0
        D:2 |      53 |       0 |   0.0 |      14 |       0 |   0.0
            +---------+---------+-------+---------+---------+-------

Illustrated notes

Table legend:
 A = Kills in this place as a percentage of kills in entire the game.
 B = Kills by you in this place as a percentage of kills by you in the entire game.
 C = Kills by friends in this place as a percentage of kills by friends in the entire game.
 D = Other kills in this place as a percentage of other kills in the entire game.
 E = Experience gained in this place as a percentage of experience gained in the entire game.
 F = Experience gained in this place divided by the number of levels of this place that you have seen.
                   A       B       C       D       E      F
               +-------+-------+-------+-------+-------+----------------------
         Total | 100.0 | 100.0 |   N/A |   N/A | 100.0 |  41.5
       Dungeon | 100.0 | 100.0 |   N/A |   N/A | 100.0 |  41.5
               +-------+-------+-------+-------+-------+----------------------

Table legend: (Time is in decaauts)
 A = Elapsed time spent in this place.
 B = Non-inter-level travel time spent in this place.
 C = Inter-level travel time spent in this place.
 D = Time resting spent in this place.
 E = Time spent auto-exploring this place.
 F = Levels seen in this place.
 G = Mean time per level.
                   A        B        C        D        E       F      G
               +--------+--------+--------+--------+--------+-----+--------+
         Total |   1251 |   1210 |     41 |    226 |    807 |   2 |  625.5 |
       Dungeon |   1251 |   1210 |     41 |    226 |    807 |   2 |  625.5 |
               +--------+--------+--------+--------+--------+-----+--------+

Top non-repeatable levels by time:
     D:1: 864 daAuts
     D:2: 386 daAuts
